 Dungeon Crawl Stone Soup version 0.20.1-1-g8b1a95d (webtiles) character file.

5078 acidapple the Destroyer (level 10, -3/59 HPs)
             Began as a Tengu Conjurer on Sept 7, 2017.
             Was a Believer of Vehumet.
             Slain by a six-headed hydra (5 damage)
             ... on level 1 of the Lair of Beasts.
             The game lasted 00:22:09 (8914 turns).

acidapple the Destroyer (Tengu Conjurer)            Turns: 8914, Time: 00:22:15

Health: -3/59      AC:  3    Str:  8    XL:     10   Next: 56%
Magic:  24/33      EV: 13    Int: 18    God:    Vehumet [**....]
Gold:   220        SH:  2    Dex: 18    Spells: 17/28 levels left

rFire    . . .     SeeInvis .   d - +1 dagger (flame)
rCold    . . .     Gourm    .   (no shield)
rNeg     . . .     Faith    .   a - +0 robe
rPois    .         Spirit   .   (helmet restricted)
rElec    .         Reflect  +   (no cloak)
rCorr    .         Harm     .   H - +0 pair of gloves "Xinef" {Slay+5}
MR       .....                  (boots unavailable)
Stlth    ++........             x - +2 amulet of reflection
Regen    0.2/turn               J - ring "Deerch" {Wiz Dex+2}
MPRegen  0.3/turn               o - ring of magical power

@: about to teleport
A: beak, talons 3, able to fly 1
a: Fly, Renounce Religion


You were on level 1 of the Lair of Beasts.
You worshipped Vehumet.
Vehumet was pleased with you.
You were not hungry.

You visited 3 branches of the dungeon, and saw 10 of its levels.
You also visited: Ossuary.

You collected 510 gold pieces.
You spent 290 gold pieces at shops.

Inventory:

Hand Weapons
 d - a +1 dagger of flaming (weapon)
Armour
 a - a +0 robe (worn)
 p - the +2 pair of gloves of Untold Secrets {rC- Slay+6}
   (You found it on level 1 of the Lair of Beasts)

   It affects your accuracy and damage with ranged weapons and melee attacks
   (+6).
   It makes you vulnerable to cold.
 H - the +0 pair of gloves "Xinef" (worn) {Slay+5}
   (You found it on level 6 of the Dungeon)

   It affects your accuracy and damage with ranged weapons and melee attacks
   (+5).
Jewellery
 f - an uncursed ring of wizardry
 o - a ring of magical power (right hand)
 s - an uncursed ring of protection from fire
 x - a +2 amulet of reflection (around neck)
 y - an uncursed amulet of the gourmand
 J - the ring "Deerch" (left hand) {Wiz Dex+2}
   (You found it on level 6 of the Dungeon)

   [ring of wizardry]

   It improves your spell success rate.
   It affects your dexterity (+2).
 L - an uncursed ring of teleportation
Wands
 t - a wand of polymorph (8/24)
Scrolls
 e - 3 scrolls of magic mapping
 g - 3 scrolls of teleportation
 i - 2 scrolls of identify
 q - 3 scrolls of recharging
 u - a scroll of enchant weapon
 B - 2 scrolls of fog {unknown}
 E - 3 scrolls of amnesia
 F - 5 scrolls of remove curse
Potions
 h - 2 potions of mutation {unknown}
 j - 8 potions of curing
 l - 5 potions of heal wounds
 m - 3 potions of ambrosia {unknown}
 n - a potion of cancellation {unknown}
 v - a potion of lignification {unknown}
 w - 4 potions of degeneration {unknown}
 A - a potion of might {unknown}
 C - a potion of invisibility {unknown}
 D - a potion of haste {unknown}
 I - 3 potions of flight {unknown}
 M - a potion of brilliance {unknown}
Books
 b - a book of Conjurations

   Spells                             Type                      Level
   a - Magic Dart                     Conjuration                  1
   b - Searing Ray                    Conjuration                  2
   c - Dazzling Spray                 Conjuration/Hexes            3
   d - Fulminant Prism                Conjuration/Hexes            4
   e - Force Lance                    Conjuration/Translocation    4
   f - Iskenderun's Mystic Blast      Conjuration                  4
Comestibles
 c - 6 bread rations
 k - 14 royal jellies
 r - 7 meat rations
 z - 4 fruits


   Skills:
 - Level 5.0 Fighting
 - Level 2.1 Dodging
 - Level 2.0 Stealth
 * Level 9.7 Spellcasting
 + Level 11.1 Conjurations
 + Level 4.5 Ice Magic
 - Level 5.0 Air Magic


You had 17 spell levels left.
You knew the following spells:

 Your Spells              Type           Power        Failure   Level  Hunger
a - Magic Dart            Conj           ####         1%          1    None
b - Searing Ray           Conj           #####.       1%          2    None
c - Iskenderun's Mystic   Conj           #####...     1%          4    ###....
d - Mephitic Cloud        Conj/Pois/Air  ####....     1%          3    None
e - Freeze                Ice            ####         1%          1    None


Dungeon Overview and Level Annotations

Branches:
Dungeon (8/15)             Temple (1/1) D:5            Lair (1/6) D:8

Altars:
Ashenzari
Cheibriados
Elyvilon
Fedhas
Gozag
Hepliaklqana
Kikubaaqudgha
Makhleb
Nemelex Xobeh
Okawaru
Qazlal
Ru
Sif Muna
Trog
Uskayaw
Vehumet
Xom
Yredelemnul
Zin
The Shining One
Jiyva

Shops:
D:6 ?

Annotations:
Lair:1 exclusion: oklob plant


Innate Abilities, Weirdness & Mutations

You have a beak for a mouth.
You have claws for feet.
You can fly.


Message History

The orb of energy hits the basilisk.
You kill the basilisk!
Vehumet accepts your kill.
You feel your power returning.
The orb of energy explodes!
Unknown command.
You see here a basilisk corpse.
You start resting.
Evoke which item? (* to show all) (? for menu, Esc to quit)
Aiming: Polymorph (will waste charges)
Press: ? - help, Shift-Dir - straight line, f - six-headed hydra
Aim: a six-headed hydra (hasn't noticed you, chance to defeat MR: 15%)
The six-headed hydra resists with almost no effort.
Evoking this partially-identified wand wasted a few charges.
As you read the scroll of teleportation, it crumbles to dust.
You feel strangely unstable. The six-headed hydra bites you! x3
* * * LOW HITPOINT WARNING * * *
The six-headed hydra barely misses you. The six-headed hydra bites you.
* * * LOW HITPOINT WARNING * * *
The six-headed hydra bites you.
You die...

.h###..####..#.#.P#...(.#
...#.P.P#.#.............#
.....#..#.#.............#
..#..#....#.P.#.##.#PP#.#
..#†D#..###...#.......#.#
..#....$.#.........h..#.#
..##..........#.......+.#
...##....##...####.###P.#
..####...##P..†D@.......##
.(## ###..#.P.########...#
...# #..##..# #..## ...#
≈h..#..# #..# ...#
...##..# ##..# ...## .≈
#...#######P..# ....#
##.............# ...##
##P.............# ...###
#P.......#####..#


You could see a six-headed hydra.

Vanquished Creatures
  A spiny frog (Lair:1)
  A komodo dragon (Lair:1)
  3 polar bears (Lair:1)
  4 blink frogs (Lair:1)
  A hippogriff (D:8)
  A wraith (Ossuary)
  A basilisk (Lair:1)
  An orc warrior (D:7)
  A black bear (Lair:1)
  2 ice beasts
  5 sky beasts
  A phantom (D:6)
  An ogre (D:6)
  An elf zombie (Ossuary)
  2 bullfrogs
  2 scorpions
  3 wights (D:8)
  2 electric eels (D:8)
  4 crimson imps
  A human zombie (Ossuary)
  A centaur zombie (D:6)
  2 hounds (D:8)
  3 jellies (D:8)
  4 orc priests
  5 orc wizards
  A centaur skeleton (D:5)
  An iguana (D:5)
  Natasha (thrice) (D:2)
  7 worker ants
  A hound skeleton (D:6)
  A howler monkey zombie (D:6)
  3 mummies (Ossuary)
  3 gnolls (D:5)
  A howler monkey skeleton (D:6)
  16 adders
  2 shadow imps
  7 oozes
  3 worms
  3 dart slugs
  3 leopard geckos
  12 orcs
  11 bats
  2 giant cockroaches
  9 goblins
  6 hobgoblins
  10 jackals
  10 quokkas
  2 ball pythons
  A ball python skeleton (D:5)
  6 frilled lizards
  A giant cockroach zombie (D:5)
  A goblin zombie (Ossuary)
  3 hobgoblin zombies (Ossuary)
  A jackal zombie (D:5)
  8 kobolds
  4 kobold zombies (Ossuary)
  An orc zombie (Ossuary)
  2 quokka skeletons
  4 rats
202 creatures vanquished.

Vanquished Creatures (others)
  A fungus (Lair:1)
  A plant (Lair:1)
2 creatures vanquished.

Grand Total: 204 creatures vanquished

Notes
Turn   | Place    | Note
-------+----------+-------------------------------------------
     0 | D:1      | acidapple the Tengu Conjurer began the quest for the Orb.
     0 | D:1      | Reached XP level 1. HP: 10/10 MP: 4/4
   135 | D:1      | Reached XP level 2. HP: 10/15 MP: 4/6
   474 | D:1      | Reached XP level 3. HP: 19/19 MP: 6/8
   478 | D:1      | Learned a level 2 spell: Searing Ray
   740 | D:2      | Noticed Natasha
   747 | D:2      | Killed Natasha
   747 | D:2      | Reached skill level 6 in Conjurations
   747 | D:2      | Reached XP level 4. HP: 24/24 MP: 3/9
   904 | D:2      | Noticed Natasha
   916 | D:2      | Killed Natasha
  1005 | D:2      | Gained mutation: You can fly. [Tengu growth]
  1005 | D:2      | Reached XP level 5. HP: 23/28 MP: 1/11
  1308 | D:2      | Reached skill level 7 in Conjurations
  1448 | D:2      | Noticed Natasha
  1459 | D:2      | Killed Natasha
  1585 | D:3      | Learned a level 4 spell: Iskenderun's Mystic Blast
  1896 | D:4      | Reached skill level 1 in Fighting
  1896 | D:4      | Reached XP level 6. HP: 34/34 MP: 9/13
  1948 | D:4      | Found a sparkling altar of Nemelex Xobeh.
  2882 | D:5      | Entered Level 5 of the Dungeon
  3096 | D:5      | Reached XP level 7. HP: 40/40 MP: 8/15
  3201 | D:5      | Reached skill level 5 in Spellcasting
  3374 | D:5      | Reached skill level 8 in Conjurations
  3693 | D:5      | Found a blossoming altar of Fedhas.
  3693 | D:5      | Found a shattered altar of Ashenzari.
  3700 | D:5      | Found a burning altar of Makhleb.
  3704 | D:5      | Found a hide-covered altar of Uskayaw.
  3708 | D:5      | Found a stormy altar of Qazlal.
  3847 | D:5      | Found a staircase to the Ecumenical Temple.
  3952 | Temple   | Entered the Ecumenical Temple
  3983 | Temple   | Became a worshipper of Vehumet
  4245 | D:6      | Reached XP level 8. HP: 33/46 MP: 5/18
  4285 | D:6      | Learned a level 3 spell: Mephitic Cloud
  4297 | D:6      | Found a sand-covered staircase.
  4305 | Ossuary  | Entered an ossuary
  4305 | Ossuary  | Noticed a wraith
  4305 | Ossuary  | Noticed a wraith
  4305 | Ossuary  | Noticed a wraith
  4708 | Ossuary  | Noticed a wraith
  4712 | Ossuary  | Killed a wraith
  4712 | Ossuary  | Reached skill level 9 in Conjurations
  5044 | D:6      | Found Qoakic's Magic Scroll Shop.
  5051 | D:6      | Bought a scroll of amnesia for 38 gold pieces
  5051 | D:6      | Bought a scroll of remove curse for 33 gold pieces
  5051 | D:6      | Bought a scroll of amnesia for 38 gold pieces
  5051 | D:6      | Bought a scroll of blinking for 82 gold pieces
  5051 | D:6      | Bought 3 scrolls of remove curse for 99 gold pieces
  5062 | D:6      | Got a pair of translucent gloves
  5068 | D:6      | Identified the cursed +0 pair of gloves "Xinef" {Slay+5} (You found it on level 6 of the Dungeon)
  5167 | D:6      | Got a wavering jade ring
  5173 | D:6      | Identified the ring "Deerch" {Wiz Dex+2} (You found it on level 6 of the Dungeon)
  5225 | D:6      | Reached * piety under Vehumet
  5225 | D:6      | Offered knowledge of Freeze by Vehumet.
  5239 | D:6      | Learned a level 1 spell: Freeze
  5482 | D:6      | Reached skill level 1 in Air Magic
  5655 | D:6      | Reached skill level 1 in Ice Magic
  5955 | D:7      | Reached XP level 9. HP: 43/52 MP: 20/20
  6407 | D:7      | Found a deep blue altar of Sif Muna.
  6738 | D:7      | Found a sacrificial altar of Ru.
  6788 | D:8      | Reached skill level 5 in Fighting
  7289 | D:8      | Found a viscous altar of Jiyva.
  7325 | D:8      | Found a staircase to the Lair.
  7502 | D:8      | Reached skill level 10 in Conjurations
  7687 | Lair:1   | Entered Level 1 of the Lair of Beasts
  7699 | Lair:1   | Noticed a spiny frog
  7711 | Lair:1   | Killed a spiny frog
  7807 | Lair:1   | Got a pair of heavily runed gloves
  7818 | Lair:1   | Identified the +2 pair of gloves of Untold Secrets {rC- Slay+6} (You found it on level 1 of the Lair of Beasts)
  7840 | Lair:1   | Noticed a komodo dragon
  7846 | Lair:1   | Killed a komodo dragon
  7846 | Lair:1   | Reached XP level 10. HP: 44/59 MP: 12/23
  8016 | D:8      | Reached skill level 5 in Air Magic
  8299 | D:8      | Reached ** piety under Vehumet
  8299 | D:8      | Offered knowledge of Flame Tongue by Vehumet.
  8556 | Lair:1   | Found a bloodstained altar of Trog.
  8556 | Lair:1   | Noticed an oklob plant
  8613 | Lair:1   | Noticed a six-headed hydra
  8654 | Lair:1   | Reached skill level 11 in Conjurations
  8914 | Lair:1   | HP: 2/59 [six-headed hydra (6)]
  8914 | Lair:1   | Slain by a six-headed hydra

Skill      XL: |  1  2  3  4  5  6  7  8  9 10 |
---------------+-------------------------------+-----
Spellcasting   | 3 4 6 7 8 9 |  9.7
Conjurations   | 6 7 8 9 10 11 | 11.1
Fighting       | 1 2 3 4 5 |  5.0
Air Magic      | 2 4 5 |  5.0
Ice Magic      | 1 3 4 |  4.5
Dodging        | |  2.1
Stealth        | |  2.0

Action                   |  1- 3 |  4- 6 |  7- 9 | 10-12 || total
-------------------------+-------+-------+-------+-------++-------
Melee: Kick              |     4 |     8 |     3 |     4 ||    19
       Unarmed           |     2 |       |       |       ||     2
       Dagger            |     3 |    18 |    19 |     8 ||    48
       Peck              |       |     1 |     2 |     3 ||     6
 Cast: Magic Dart        |    45 |   132 |   246 |    24 ||   447
       Searing Ray       |     1 |     6 |    10 |       ||    17
       Iskenderun's Myst |       |     4 |    64 |    28 ||    96
       Freeze            |       |       |     2 |     3 ||     5
       Mephitic Cloud    |       |       |     3 |    10 ||    13
Evoke: Wand              |       |       |       |     1 ||     1
  Use: Scroll            |       |     6 |     9 |     3 ||    18
       Potion            |       |     2 |       |       ||     2
 Stab: Confused          |       |       |       |     2 ||     2
  Eat: Chunk             |       |     3 |    28 |       ||    31
       Meat ration       |       |     1 |       |       ||     1
       Bread ration      |       |       |     1 |       ||     1
Armor: Robe              |     1 |     8 |     9 |       ||    18
Dodge: Dodged            |     4 |    26 |    34 |    12 ||    76
Block: Other             |       |       |       |     1 ||     1
